 Dungeon Crawl Stone Soup version 0.24-a0-451-g263dff2034 (webtiles) character file.

Game seed: 16019342283255481923

355 JellyEater the Digger (level 6, -1/32 HPs)
             Began as a Gargoyle Earth Elementalist on June 26, 2019.
             Slain by a wight
             ... wielding a cursed +5 spear of freezing
              (5 damage)
             ... on level 4 of the Dungeon.
             The game lasted 00:07:13 (3619 turns).

JellyEater the Digger (Gargoyle Earth Elementalist) Turns: 3619, Time: 00:07:13

Health: -1/32      AC: 10    Str: 16    XL:     6   Next: 63%
Magic:  10/12      EV: 12    Int: 18    God:
Gold:   216        SH:  0    Dex: 13    Spells: 4/13 levels left

rFire    . . .     SeeInvis .   k - +0 dagger (vamp)
rCold    . . .     Gourm    .   (no shield)
rNeg     + . .     Faith    .   c - +1 robe
rPois    ∞         Spirit   .   (no helmet)
rElec    +         Reflect  .   (no cloak)
rCorr    .         Harm     .   (no gloves)
MR       .....                  e - +2 pair of boots
Stlth    ++........             (no amulet)
HPRegen  0.10/turn              a - +3 ring of dexterity
MPRegen  0.13/turn              m - ring of wizardry

@: mighty
A: negative energy resistance 1, electricity resistance, unbreathing,
petrification resistance, rot immunity, AC +4
a: no special abilities


You were on level 4 of the Dungeon.
You were not hungry.

You visited 1 branch of the dungeon, and saw 4 of its levels.

You collected 216 gold pieces.

Inventory:

Hand Weapons
 i - a +0 club
 k - a +0 vampiric dagger (weapon)
 u - a +0 flail
Missiles
 b - 93 stones (quivered)
 n - 8 datura-tipped darts
 p - 10 curare-tipped darts
Armour
 c - a +1 robe (worn)
 e - a +2 pair of boots (worn)
Jewellery
 a - a +3 ring of dexterity (left hand)
 l - an uncursed ring of ice
 m - a ring of wizardry (right hand)
 r - an uncursed ring of wizardry
Scrolls
 h - a scroll of amnesia
 j - a scroll of teleportation
 q - 2 scrolls of remove curse
Potions
 f - 2 potions of lignification
 g - a potion of curing
 o - a potion of flight
Comestibles
 d - 7 rations


   Skills:
 - Level 1.5 Dodging
 - Level 2.1 Stealth
 + Level 4.0 Spellcasting
 + Level 3.3 Conjurations
   Level 0.7 Transmutations
 + Level 6.0 Earth Magic


You had 4 spell levels left.
You knew the following spells:

 Your Spells              Type           Power        Failure   Level  Hunger
a - Sandblast             Erth           ####..       1%          1    None
b - Stone Arrow           Conj/Erth      ###...       2%          3    ###....
c - Lee's Rapid Deconstr  Erth           ####......   14%         5    ######.

Your spell library contained the following spells:

 Spells                   Type           Power        Failure   Level  Hunger
 Passwall                 Tmut/Erth      ###.....     2%          2    ##.....
 Petrify                  Tmut/Erth      ###.....     16%         4    ####...


Dungeon Overview and Level Annotations

Branches:
Dungeon (4/15)
 Temple: D:4-7

Altars:
Fedhas
Gozag
Makhleb
Nemelex Xobeh
Trog
Yredelemnul


Innate Abilities, Weirdness & Mutations

You are resistant to torment.
Your stone body is resilient. (AC +4)
You are immune to poison.
You resist negative energy. (rN+)
You are resistant to electric shocks. (rElec)
You can survive without breathing.
You are immune to petrification.
You are immune to rotting.


Message History

The wight hits you but does no damage.
Casting: Sandblast (safe; 1% risk of failure)
Confirm with . or Enter, or press ? or * to list all spells.
Aiming: Sandblast (safe; 1% risk of failure)
Press: ? - help, Shift-Dir - straight line, f/p - wight
Aim: a wight, wielding a +5 spear of freezing and wearing a cursed -1 robe (lightly damaged)
The blast of sand hits the wight!
The wight is severely damaged.
b - 94 stones The wight hits you but does no damage.
Casting: Sandblast (safe; 1% risk of failure)
Confirm with . or Enter, or press ? or * to list all spells.
Aiming: Sandblast (safe; 1% risk of failure)
Press: ? - help, Shift-Dir - straight line, f/p - wight
Aim: a wight, wielding a +5 spear of freezing and wearing a cursed -1 robe (severely damaged)
The blast of sand hits the wight.
The wight is almost destroyed.
b - 93 stones The wight hits you with a cursed +5 spear of freezing.
You die...

#...# #..........#
#...##### #.........##
#.#...#.######[.#######.
#.##..#.#..)...## ####.
#.....<...###### ##....
###.......### #..###
######><.###.#)# ####.##
..>.......##.#.# ##....#
..........##.#@#
##..####
..........##.#z# ##..##
..........##.#?# #..##
..........##.#.# ###[##
..........##...###...#
................#..###
#######.####.##....####
#.# #.#####....###... [.
#.# ##..)......


You could see a wight.

Vanquished Creatures
  A big kobold (D:4)
  A scorpion (D:4)
  2 wights (D:4)
  An orc wizard (D:3)
  A worker ant (D:4)
  5 adders
  A worm (D:2)
  A dart slug (D:2)
  3 leopard geckos
  4 orcs (D:3)
  2 giant cockroaches (D:2)
  4 goblins
  3 hobgoblins
  5 jackals
  5 kobolds
  6 bats
  3 frilled lizards
  7 rats
55 creatures vanquished.

Notes
Turn   | Place    | Note
-------+----------+-------------------------------------------
     0 | D:1      | JellyEater the Gargoyle Earth Elementalist began the quest
                  | for the Orb.
     0 | D:1      | Reached XP level 1. HP: 10/10 MP: 3/3
   503 | D:1      | Reached XP level 2. HP: 13/15 MP: 1/5
   651 | D:1      | Reached skill level 4 in Earth Magic
  1081 | D:2      | Found a faded altar of an unknown god.
  1171 | D:2      | Found a burning altar of Makhleb.
  1268 | D:2      | Reached XP level 3. HP: 14/19 MP: 5/7
  1276 | D:2      | Learned a level 3 spell: Stone Arrow
  1544 | D:2      | Found a bloodstained altar of Trog.
  1652 | D:2      | Reached skill level 1 in Conjurations
  1692 | D:2      | Found an opulent altar of Gozag.
  1829 | D:2      | Reached XP level 4. HP: 23/24 MP: 8/8
  2151 | D:3      | Found a sparkling altar of Nemelex Xobeh.
  2362 | D:3      | Found a blossoming altar of Fedhas.
  2423 | D:3      | Reached skill level 5 in Earth Magic
  2756 | D:3      | Reached XP level 5. HP: 26/28 MP: 9/9
  2819 | D:3      | Learned a level 5 spell: Lee's Rapid Deconstruction
  3363 | D:3      | Found a basalt altar of Yredelemnul.
  3395 | D:4      | Noticed a big kobold
  3427 | D:4      | Killed a big kobold
  3427 | D:4      | Reached XP level 6. HP: 24/32 MP: 1/11
  3607 | D:4      | Reached skill level 6 in Earth Magic
  3619 | D:4      | Slain by a wight

Levels and vault maps discovered:
D:1:      dpeg_arrival_houses_and_road, layout_basic, minmay_tripent
D:2:      layout_loops_ring, lemuel_doored_altar, lemuel_coloured_pillars_altar,
          chequers_ecumenical_altar_simple_redux, bloody_trog
D:3:      lemuel_upstairs_altar, layout_loops_corners,
          nemelex_xobeh_ov_fountains_minmay, first_ration, fedhas_ov_isle_minmay
D:4:      layout_rooms, lemuel_another_geyser

Skill      XL: |  1  2  3  4  5  6 |
---------------+-------------------+-----
Earth Magic    | 4 5 6 |  6.0
Conjurations   | 1 2 3 |  3.3
Spellcasting   | 3 4 |  4.0
Dodging        | |  1.5
Stealth        | |  2.1
Transmutations | |  0.7

Action                   |  1- 3 |  4- 6 || total
-------------------------+-------+-------++-------
Melee: Unarmed           |    32 |       ||    32
       Club              |    60 |       ||    60
       Dagger            |    56 |   132 ||   188
 Cast: Sandblast         |    11 |    39 ||    50
       Stone Arrow       |       |     5 ||     5
  Use: Scroll            |     7 |     5 ||    12
       Potion            |       |     3 ||     3
 Stab: Sleeping          |     4 |     2 ||     6
       Distracted        |       |     1 ||     1
  Eat: Chunk             |     3 |     6 ||     9
Armor: Robe              |    77 |    70 ||   147
Dodge: Dodged            |   131 |   130 ||   261

Table legend:
 A = Non-vault XP
 B = Vault XP
 C = Vault XP percentage of total XP
 D = Non-vault monster count
 E = Vault monster count
 F = Vault count percentage of total count
                 A         B        C        D         E       F
            +---------+---------+-------+---------+---------+-------
      Total |     505 |       3 |   0.6 |      53 |       2 |   3.6
            +---------+---------+-------+---------+---------+-------
        D:1 |      16 |       3 |  15.8 |      11 |       2 |  15.4
        D:2 |      70 |       0 |   0.0 |      18 |       0 |   0.0
        D:3 |      86 |       0 |   0.0 |      16 |       0 |   0.0
        D:4 |     333 |       0 |   0.0 |       8 |       0 |   0.0
            +---------+---------+-------+---------+---------+-------
